 Dungeon Crawl Stone Soup version 0.28-a0-779-g3d1f99b579 (webtiles) character file.

Game seed: 9056386893617574996

84 jasper the Skirmisher (level 4, -1/35 HPs)
             Began as a Demonspawn Cinder Acolyte on Nov 2, 2021.
             Was a High Priest of Ignis.
             Slain by Sigmund (11 damage)
             ... on level 2 of the Dungeon.
             The game lasted 00:02:34 (1880 turns).

jasper the Skirmisher (Demonspawn Cinder Acolyte)   Turns: 1880, Time: 00:02:35

Health: -1/35      AC:  8    Str: 14    XL:     4   Next: 24%
Magic:  5/5        EV:  6    Int: 16    God:    Ignis [*****.]
Gold:   116        SH:  0    Dex:  9    Spells: 5/5 levels left

rFire   + . .      SeeInvis .   a - -1 hand axe (flame)
rCold   . . .      Faith    .   (no shield)
rNeg    . . .      Spirit   .   f - +0 chain mail
rPois   .          Reflect  .   (helmet restricted)
rElec   .          Harm     .   (no cloak)
rCorr   .          Rampage  .   (no gloves)
Will    .....                   (no boots)
Stlth   ..........              (no amulet)
HPRegen 0.11/turn               c - ring of wizardry
MPRegen 0.09/turn               (no ring)

@: confused, slowed, very slow
A: horns 1, demonic magic 1, demonic touch 1
a: Renounce Religion, Sea of Fire, Foxfire Swarm, Rising Flame


You were on level 2 of the Dungeon.
You worshipped Ignis.
Ignis was extremely pleased with you.
You visited 1 branch of the dungeon, and saw 2 of its levels.

You collected 116 gold pieces.

Inventory:

Hand Weapons
 a - a -1 hand axe of flaming (weapon)
 e - a +2 whip of venom
Missiles
 d - 10 stones (quivered)
Armour
 b - a +0 robe
 f - a +0 chain mail (worn)
Jewellery
 c - a ring of wizardry (left hand)
Scrolls
 g - a scroll of amnesia {unknown}
 h - a scroll of teleportation {unknown}
 i - a scroll of identify {unknown}
 j - a scroll of vulnerability {unknown}


   Skills:
 + Level 3.4 Fighting
 - Level 3.2 Axes
 + Level 1.3 Dodging
 * Level 2.0 Unarmed Combat
 - Level 1.0 Spellcasting
 - Level 2.6 Fire Magic


You had 5 spell levels left.
You didn't know any spells.
Your spell library contained the following spells:

 Spells                   Type           Power      Damage    Failure   Level
 Scorch                   Fire           18%        2d6       77%         2


Dungeon Overview and Level Annotations

Branches:
Dungeon (2/15)

Altars:
Zin

Annotations:
D:2 Sigmund


Innate Abilities, Weirdness & Mutations

You have a pair of small horns on your head.
Spells you cast may paralyse adjacent enemies.
Your touch may inflict minor irresistible damage on your foes.


Message History

You completely miss Natasha. You headbutt Natasha, but do no damage.
Natasha is lightly wounded.
Natasha claws you but does no damage. Natasha claws you.
You take 6 damage, and have 18/29 hp.
MASSIVE DAMAGE!!
Flames leap up around you! Natasha claws you!
You take 8 damage, and have 10/29 hp.
MASSIVE DAMAGE!!
You hit Natasha but do no damage.
Natasha is lightly wounded.
The foxfire hits Natasha.
Natasha is moderately wounded.
The foxfire hits Natasha.
Natasha is heavily wounded.
The foxfire hits Natasha.
Natasha is severely wounded.
The foxfire hits Natasha.
Natasha is almost dead.
The foxfire hits Natasha.
You kill Natasha!
Natasha screams in fury as she dies!
Your Unarmed Combat skill increases to level 2!
You have reached level 4!
You feel agile.
Your demonic ancestry asserts itself...
Your hands begin to faintly glow with unholy energy.
You regained 2 hp, and now have 12/35 hp.
MP restored: 5 Your foxfire dissipates! x16
Sigmund the Dreaded comes into view.
He is wielding a +0 scythe and wearing a +2 robe of cold resistance.
Sigmund shouts!
Sigmund casts a spell at you.
You are confused.
Sigmund gestures at you while chanting. The puff of flame hits you. You resist.
* * * LOW HITPOINT WARNING * * *
You take 3 damage, and have 10/35 hp.
You are too confused!
You aren't carrying any potions.
You aren't carrying any potions.
You bump into the rock wall.
Sigmund hits you from afar with a +0 scythe!
You die...

#....... #.###### #.# #.#
###### #.#
.....###############.#
####......†..........#
####.......##############
#............@<@.....
......†..............
#.##.......###+######
#...........
#............
#.............
######........ #........
#........


You could see Sigmund.

Vanquished Creatures
  Natasha (D:2)
  A gnoll (D:1)
  A dart slug (D:1)
  3 ball pythons (D:1)
  3 bats (D:1)
  6 endoplasms (D:1)
  A giant cockroach (D:1)
  3 goblins (D:1)
  4 hobgoblins (D:1)
  7 jackals (D:1)
  4 kobolds (D:1)
  A quokka (D:2)
  A frilled lizard (D:2)
  4 rats (D:1)
40 creatures vanquished.

Vanquished Creatures (others)
  27 foxfires
  A plant (D:1)
28 creatures vanquished.

Grand Total: 68 creatures vanquished

Notes
Turn   | Place    | Note
-------+----------+-------------------------------------------
     0 | D:1      | jasper the Demonspawn Cinder Acolyte began the quest for
                  | the Orb.
     0 | D:1      | Reached XP level 1. HP: 18/18 MP: 2/2
   519 | D:1      | Discovered your monstrous ancestry.
   519 | D:1      | Gained mutation: You have a pair of small horns on your
                  | head. [demonic ancestry]
   519 | D:1      | Reached XP level 2. HP: 24/24 MP: 3/3
   968 | D:1      | Found a faded altar of an unknown god.
   982 | D:1      | Reached skill level 1 in Unarmed Combat
  1295 | D:1      | Gained mutation: Spells you cast may paralyse adjacent
                  | enemies. [demonic ancestry]
  1295 | D:1      | Reached XP level 3. HP: 28/29 MP: 4/4
  1722 | D:1      | Reached skill level 1 in Dodging
  1863 | D:2      | Noticed Natasha
  1873 | D:2      | Killed Natasha
  1874 | D:2      | Gained mutation: Your touch may inflict minor irresistible
                  | damage on your foes. [demonic ancestry]
  1874 | D:2      | Reached XP level 4. HP: 12/35 MP: 5/5
  1877 | D:2      | Noticed Sigmund
  1880 | D:2      | Slain by Sigmund

Illustrated notes

Levels and vault maps discovered:
D:1:      minmay_arrival_radiant_lines, layout_loops_ring,
          basic_ecumenical_altar, serial_bayou_crossing
D:2:      minmay_skewed_foursquare, layout_basic, basic_altar,
          grunt_ministairs_9, uniq_sigmund, uniq_natasha

Skill      XL: |  1  2  3 |
---------------+----------+-----
Axes           | 3 |  3.2
Unarmed Combat | 1 2 |  2.0
Dodging        | 1 |  1.3
Fighting       | |  3.4
Spellcasting   | |  1.0
Fire Magic     | |  2.6

Action                   |  1- 3 |  4- 6 || total
-------------------------+-------+-------++-------
Melee: Hand axe          |   105 |       ||   105
       Headbutt          |     7 |       ||     7
Invok: Foxfire Swarm     |     2 |       ||     2
Armor: Robe              |     8 |       ||     8
       Chain mail        |    39 |       ||    39
Dodge: Dodged            |    48 |       ||    48

Table legend: (Time is in decaauts)
 A = Elapsed time spent in this place.
 B = Non-inter-level travel time spent in this place.
 C = Inter-level travel time spent in this place.
 D = Time resting spent in this place.
 E = Time spent auto-exploring this place.
 F = Levels seen in this place.
 G = Mean time per level.
                   A        B        C        D        E       F      G
               +--------+--------+--------+--------+--------+-----+--------+
         Total |   1910 |   1895 |     15 |    309 |   1227 |   2 |  955.0 |
       Dungeon |   1910 |   1895 |     15 |    309 |   1227 |   2 |  955.0 |
               +--------+--------+--------+--------+--------+-----+--------+

Top non-repeatable levels by time:
     D:1: 1828 daAuts
     D:2: 81 daAuts
